 Dungeon Sprint DCSS version 0.30.1-4-g462c640d31 (webtiles) character file.

Game seed: 4095616926890110946

6874 fingers the Fighter (level 11, -12/98 HPs)
             Began as a Gnoll Wanderer on Sept 7, 2023.
             Was the Champion of Wu Jian.
             Mangled by an orc warlord
             ... wielding a +0 halberd
              (15 damage)
             ... in the Dungeon (Sprint V: "Ziggurat Sprint").
             The game lasted 00:06:05 (1032 turns).

fingers the Fighter (Gnoll Wanderer)                Turns: 1032, Time: 00:06:06

Health: -12/98     AC: 31    Str: 33    XL:     11   Next: 6%
Magic:  25/25      EV: 14    Int:  9    God:    Wu Jian [******]
Gold:   0          SH:  0    Dex:  9    Spells: 30/31 levels left

rFire   + + .        B - +7 great mace "Firestarter" {flame, immolate, rFlCloud rF++}
rCold   . . .        (shield currently unavailable)
rNeg    . . .        D - +15 Maxwell's patent armour {-Cast -Tele rElec Will+ rCorr}
rPois   .            (no helmet)
rElec   +            (no cloak)
rCorr   +            (no gloves)
SInv    .            O - +0 pair of boots of the Clam {Will+++}
Will    ++++.        (no amulet) Stlth
                     z - +6 ring of strength
HPRegen 0.36/turn    A - +6 ring of strength
MPRegen 0.19/turn

%: no teleportation, no spellcasting
@: exhausted, in a heavenly storm, glowing, studying Stealth
A: fangs 1, strong nose, distributed training
a: Renounce Religion, Wall Jump, Serpent's Lash, Heavenly Storm


You were in the Dungeon.
You worshipped Wu Jian.
Wu Jian was exalted by your worship.
You visited 1 branch

Inventory:

Hand Weapons
 a - a +1 mace
 l - the +3 giant club "Skullcrusher" {speed, Str+7}
   (You found it in the Dungeon)

   Str:       It affects your strength (+7).
 B - the +7 great mace "Firestarter" (weapon) {flame, immolate, rFlCloud rF++}
   (You found it in the Dungeon)

   rFlCloud:  It grants immunity to clouds of flame.
   rF:        It greatly protects you from fire.
 C - the +6 shillelagh "Devastator" {shatter}
   (You found it in the Dungeon)
Armour
 c - a +0 leather armour
 D - the +15 Maxwell's patent armour (worn) {-Cast -Tele rElec Will+ rCorr}
   (You found it in the Dungeon)

   rElec:     It insulates you from electricity.
   -Cast:     It prevents spellcasting.
   -Tele:     It prevents most forms of teleportation.
   rCorr:     It protects you from acid and corrosion.
   Will:      It increases your willpower.
 E - the +18 shield of the Gong {Loud rN+ Will+ rCorr EV-5}
   (You found it in the Dungeon)

   Loud:      It is deafeningly noisy when blocking attacks.
   EV:        It affects your evasion (-5).
   rN:        It protects you from negative energy.
   rCorr:     It protects you from acid and corrosion.
   Will:      It increases your willpower.
 K - the +4 robe of Folly {Brill Will-∞ Int+8}
   (You found it in the Dungeon)

   Brill:     It increases the power of your magical spells and halves their MP
   cost (rounding up).
   Will-∞: It reduces your willpower to zero.
   Int:       It affects your intelligence (+8).
 O - the +0 pair of boots of the Clam (worn) {Will+++}
   (You found it in the Dungeon)

   Will:      It greatly increases your willpower.
Jewellery
 u - a ring of flight
 v - a +6 ring of dexterity
 w - a +6 ring of dexterity
 x - a +6 ring of intelligence
 y - a +6 ring of intelligence
 z - a +6 ring of strength (left hand)
 A - a +6 ring of strength (right hand)
 G - the ring "Qigyer" {rF+++ rC- rCorr Str-3 Int+8}
   (You found it in the Dungeon)

   [ring of resist corrosion]

   Str:       It affects your strength (-3).
   Int:       It affects your intelligence (+8).
   rF:        It renders you almost immune to fire.
   rC:        It makes you vulnerable to cold.
   rCorr:     It protects you from acid and corrosion.
 J - a ring of poison resistance
 L - the ring "Nuthrublit" {Fire Dex+3}
   (You found it in the Dungeon)

   [ring of fire]

   It enhances your fire magic.
   Dex:       It affects your dexterity (+3).
   rF:        It protects you from fire.
   rC:        It makes you vulnerable to cold.
 N - a +6 ring of strength
 P - the ring "Xeoru" {rC+ AC+4 Dex+2}
   (You found it in the Dungeon)

   [ring of protection]

   AC:        It affects your AC (+4).
   Dex:       It affects your dexterity (+2).
   rC:        It protects you from cold.
Wands
 r - a wand of mindburst (26)
 s - a wand of iceblast (14)
 t - a wand of acid (7)
 F - a wand of digging (11)
 H - a wand of paralysis (5)
 M - a wand of flame (17)
Scrolls
 h - 4 scrolls of blinking
 n - 4 scrolls of amnesia
 o - 7 scrolls of fog
 p - 5 scrolls of identify
 q - 2 scrolls of fear
 I - 4 scrolls of enchant weapon
Potions
 b - 9 potions of curing
 d - a potion of heal wounds
 e - 5 potions of haste
 f - 7 potions of magic
 g - 3 potions of berserk rage
 i - 2 potions of brilliance
 j - 2 potions of invisibility
 k - 4 potions of resistance
 m - 6 potions of might


   Skills:
 + Level 13.1 Fighting
 + Level 10.1 Short Blades
 + Level 10.1 Long Blades
 + Level 10.1 Axes
 + Level 12.0 Maces & Flails
 + Level 10.1 Polearms
 + Level 10.1 Staves
 + Level 10.1 Ranged Weapons
 + Level 10.1 Throwing
 + Level 10.1 Armour
 + Level 10.1 Dodging
 + Level 10.2 Stealth
 + Level 10.1 Shields
 + Level 10.1 Unarmed Combat
 + Level 10.5 Spellcasting
 + Level 8.5 Conjurations
 + Level 8.5 Hexes
 + Level 8.5 Summonings
 + Level 8.5 Necromancy
 + Level 8.5 Translocations
 + Level 9.4 Transmutations
 + Level 8.5 Fire Magic
 + Level 8.5 Ice Magic
 + Level 8.5 Air Magic
 + Level 8.5 Earth Magic
 + Level 8.5 Poison Magic
 + Level 11.0 Invocations
 + Level 10.1 Evocations


You had 30 spell levels left.
You knew the following spells:

 Your Spells              Type           Power      Damage    Failure   Level
a - Beastly Appendage     Tmut           42%        N/A       1%          1

Your spell library contained the following spells:

 Spells                   Type           Power      Damage    Failure   Level
 Freeze                   Ice            80%        1d9       2%          1
 Cigotuvi's Dreadful Rot  Necr/Pois/Air  40%        N/A       3%          2
 Poisonous Vapours        Pois/Air       40%        N/A       3%          2
 Spider Form              Tmut/Pois      20%        N/A       6%          3
 Frozen Ramparts          Ice            40%        1d7       8%          3
 Hailstorm                Conj/Ice       20%        3d6       8%          3
 Mephitic Cloud           Conj/Pois/Air  20%        N/A       8%          3
 Ozocubu's Armour         Ice            20%        N/A       8%          3
 Summon Guardian Golem    Hex/Summ       20%        N/A       8%          3
 Swiftness                Air            20%        N/A       8%          3
 Vhi's Electric Charge    Tloc/Air       40%        N/A       8%          3
 Petrify                  Tmut/Erth      20%        N/A       22%         4
 Cause Fear               Hex            10%        N/A       26%         4
 Summon Lightning Spire   Summ/Air       20%        N/A       26%         4
 Alistair's Intoxication  Tmut/Pois      13%        N/A       52%         5
 Arcjolt                  Conj/Air       10%        1d20      56%         5
 Borgnjor's Vile Clutch   Necr/Erth      10%        N/A       56%         5
 Freezing Cloud           Conj/Ice/Air   10%        6-21      56%         5
 Metabolic Englaciation   Hex/Ice        10%        N/A       56%         5
 Eringya's Noxious Bog    Tmut/Pois      10%        N/A       97%         6
 Simulacrum               Ice/Necr       10%        N/A       98%         6
 Dragon Form              Tmut           10%        N/A       100%        7
 Orb of Destruction       Conj           10%        9d6       100%        7
 Spellforged Servitor     Conj/Summ      10%        N/A       100%        7
 Maxwell's Capacitive Co  Air            10%        ∞         100%        8
 Dragon's Call            Summ           10%        N/A       100%        9


Dungeon Overview and Level Annotations

Branches:
Dungeon (1/1)

Altars:
Ashenzari
Cheibriados
Dithmenos
Elyvilon
Fedhas
Gozag
Hepliaklqana
Kikubaaqudgha
Makhleb
Nemelex Xobeh
Okawaru
Qazlal
Ru
Sif Muna
Trog
Uskayaw
Vehumet
Wu Jian
Xom
Yredelemnul
Zin
The Shining One
Jiyva
Lugonu

Annotations:
D 1 transporter


Innate Abilities, Weirdness & Mutations

You have very sharp teeth.
Your uncanny sense of smell can sniff out nearby items.
Your experience applies equally to all skills.


Message History

The orc warrior closely misses you.
The orc high priest completely misses you.
You feel much better.
The orc high priest invokes the aid of Beogh against you.
Beogh smites you! The troll barely misses you.
The troll claws you but does no damage. The troll misses you.
The orc warlord hits you but does no damage.
The orc knight barely misses you.
The orc warlord hits you but does no damage.
The ogre closely misses you.
The orc warrior hits you with a +0 war axe!!
* * * LOW HITPOINT WARNING * * *
The orc warlord blocks your attack.
The orc warlord is heavily wounded.
The orc high priest mumbles some strange prayers to Beogh against you.
You resist with almost no effort.
The orc warlord hits you with a +0 war axe!
* * * LOW HITPOINT WARNING * * *
The troll bites you but does no damage. The troll barely misses you. x2
The orc knight closely misses you. The orc warlord completely misses you.
The orc warrior hits you but does no damage.
You feel much better. The ogre barely misses you.
The orc high priest hits you with the +10 long sword of Change {speed, rF- rC+ Str+6 Int+3}!
* * * LOW HITPOINT WARNING * * *
The troll barely misses you. x2; The troll claws you but does no damage.
The orc knight closely misses you.
The orc warlord hits you from afar with a +0 halberd.
* * * LOW HITPOINT WARNING * * *
The orc warlord blocks your attack.
The orc warlord is heavily wounded.
The orc high priest hits you with the +10 long sword of Change {speed, rF- rC+ Str+6 Int+3}!
* * * LOW HITPOINT WARNING * * *
The troll bites you.
* * * LOW HITPOINT WARNING * * *
The troll claws you!
* * * LOW HITPOINT WARNING * * *
The troll barely misses you.
The orc knight hits you but does no damage.
The orc warlord hits you from afar with a +0 halberd!
You die...

▓....©....▓...©...▓
▓▓▓▓▓▓▓▓▓▓▓▓▓▓▓▓▓▓▓▓▓
▓...8©8...▓...8©8...▓
∆
▓...)/)...▓...))....▓
▓..{o")[..▓...|.)...▓
▓..o......▓)........▓
▓...§oo§§.▓..)......▓
▓...§ooT§.▓).)(.....▓
▓..§§o@o§.▓...).....▓
▓..☼☼O§§§.▓..)......▓
▓.▓☼§§§☼▓.▓....©....▓
▓..☼☼§§☼..▓▓▓▓▓▓▓▓▓▓▓
▓▓▓▓▓▓▓▓▓▓▓ ∆∆∆∆∆∆∆∆
∆∆∆∆∆∆∆∆∆ ∆
∆∆∆∆∆∆∆∆∆∆∆∆∆∆∆∆∆∆ ∆
∆∆∆∆∆∆∆∆∆∆∆∆∆∆∆∆∆∆


You could see 2 orc warlords, an orc knight (strong), an orc high priest
(strong), a troll, an orc warrior (strong), an ogre and an orc wizard (strong,
invisible).

Vanquished Creatures
  A deep elf knight (D)
  2 deep elf pyromancers (D)
  A cyclops (D)
  A black mamba (D)
  4 cane toads (D)
  3 merfolk (D)
  A hornet (D)
  2 wind drakes (D)
  A wyvern (D)
  A spriggan (D)
  A water elemental (D)
  2 fire elementals (D)
  A basilisk (D)
  2 nagas (D)
  A hell hound (D)
  2 water moccasins (D)
  An orc warrior (D)
  2 black bears (D)
  4 wolves (D)
  3 centaurs (D)
  2 jellies (D)
  An iguana (D)
  An orc wizard (D)
  2 mummies (D)
  An adder (D)
  6 river rats (D)
  A bat zombie (D)
  2 jackals (D)
  2 ball pythons (D)
  A jackal zombie (D)
  A quokka zombie (D)
56 creatures vanquished.

Vanquished Creatures (others)
  A fire vortex (D)
1 creature vanquished.

Grand Total: 57 creatures vanquished

Notes
Turn   | Place    | Note
-------+----------+-------------------------------------------
     0 | D        | fingers the Gnoll Wanderer began the quest for the Orb.
     0 | D        | fingers set off with the following items: a +1 mace, 2
                  | potions of curing, a +0 leather armour, a potion of heal
                  | wounds, a potion of haste, 2 potions of magic, a potion of
                  | berserk rage, a scroll of blinking; and the following spell
                  | memorised: Beastly Appendage; and the following spells
                  | available to memorise: Spider Form, Petrify.
     0 | D        | Reached XP level 1. HP: 26/26 MP: 4/4
     0 | D        | Found a shimmering blue altar of Sif Muna.
     0 | D        | Found a bloodstained altar of Trog.
     0 | D        | Found a sacrificial altar of Ru.
     0 | D        | Found a stormy altar of Qazlal.
     0 | D        | Found an iron altar of Okawaru.
     1 | D        | Found a sparkling altar of Nemelex Xobeh.
     1 | D        | Found a blossoming altar of Fedhas.
     1 | D        | Found the +6 Majin-Bo {spellvamp, MP+6 Int+6}
     1 | D        | Found the +27 heavy crossbow "Sniper" {heavy, Acc+∞ SInv}
     1 | D        | Found the +10 dark maul {heavy}
     1 | D        | Found the +15 Maxwell's patent armour {-Cast -Tele rElec
                  | Will+ rCorr}
     1 | D        | Found the +18 shield of the Gong {Loud rN+ Will+ rCorr
                  | EV-5}
     1 | D        | Found the +16 obsidian axe {drain, demonic, Mesm Drain Fly
                  | SInv}
     1 | D        | Found the +7 great mace "Firestarter" {flame, immolate,
                  | rFlCloud rF++}
     1 | D        | Found the +6 shillelagh "Devastator" {shatter}
     1 | D        | Found the +11 plutonium sword {Contam Stlth-}
     1 | D        | Found the +8 lance "Wyrmbane" {slay drac, rPois rF+ rC+
                  | AC+3}
     1 | D        | Found the +9 sword of Zonguldrok {reap}
     1 | D        | Found the +13 scythe of Curses {drain, curses, Drain}
     1 | D        | Found the +9 sword of Power {lifebolt}
     1 | D        | Found the +7 mace of Variability {chaos, chaos arc}
     1 | D        | Found the +11 Singing Sword {sonic wave}
     1 | D        | Found the +8 storm bow {elec, penet}
     4 | D        | Found an ancient bone altar of Kikubaaqudgha.
     4 | D        | Found a transporter.
     4 | D        | Found a corrupted altar of Lugonu.
     4 | D        | Found a viscous altar of Jiyva.
     4 | D        | Found a burning altar of Makhleb.
     4 | D        | Found a hazy altar of Hepliaklqana.
     4 | D        | Found an opulent altar of Gozag.
    60 | D        | Became a worshipper of the Wu Jian Council
    75 | D        | Entered arena 2.
    75 | D        | Noticed a jelly
    75 | D        | Noticed a jelly
    75 | D        | Found a transporter.
    77 | D        | Killed a jelly
    77 | D        | Killed a jelly
    78 | D        | Reached XP level 2. HP: 4/33 MP: 4/6
    78 | D        | Reached XP level 3. HP: 5/38 MP: 5/8
    78 | D        | Reached XP level 4. HP: 6/45 MP: 5/9
   226 | D        | Got Xuaraek's Last Parchment of the Warlock
   230 | D        | Entered arena 3.
   230 | D        | Found a transporter.
   233 | D        | Reached * piety under Wu Jian
   236 | D        | Reached skill level 9 in Fighting
   239 | D        | Reached skill level 5 in Spellcasting
   239 | D        | Reached skill level 5 in Transmutations
   239 | D        | Reached skill level 5 in Invocations
   239 | D        | Reached XP level 5. HP: 47/53 MP: 10/13
   254 | D        | Entered arena 4.
   254 | D        | Found the +3 giant club "Skullcrusher" {speed, Str+7}
   254 | D        | Noticed a deep elf knight
   254 | D        | Noticed a water elemental
   254 | D        | Noticed a deep elf pyromancer
   254 | D        | Noticed a deep elf pyromancer
   254 | D        | Found a transporter.
   255 | D        | Noticed a fire elemental
   257 | D        | Killed a deep elf pyromancer
   257 | D        | Reached ** piety under Wu Jian
   257 | D        | Killed a water elemental
   257 | D        | Killed a deep elf knight
   258 | D        | Reached skill level 11 in Fighting
   258 | D        | Reached skill level 5 in Conjurations
   258 | D        | Reached skill level 5 in Hexes
   258 | D        | Reached skill level 5 in Summonings
   258 | D        | Reached skill level 5 in Necromancy
   258 | D        | Reached skill level 5 in Translocations
   258 | D        | Reached skill level 5 in Fire Magic
   258 | D        | Reached skill level 5 in Ice Magic
   258 | D        | Reached skill level 5 in Air Magic
   258 | D        | Reached skill level 5 in Earth Magic
   258 | D        | Reached skill level 5 in Poison Magic
   258 | D        | Reached XP level 6. HP: 36/62 MP: 12/16
   258 | D        | Reached XP level 7. HP: 40/68 MP: 13/18
   258 | D        | Reached XP level 8. HP: 44/75 MP: 13/19
   260 | D        | Killed a deep elf pyromancer
   261 | D        | Reached skill level 10 in Maces & Flails
   261 | D        | Reached XP level 9. HP: 63/81 MP: 14/21
   321 | D        | Entered arena 5.
   321 | D        | Found a transporter.
   326 | D        | Reached *** piety under Wu Jian
   433 | D        | Got the ring "Qigyer" {rF+++ rC- rCorr Str-3 Int+8}
   438 | D        | Entered arena 6.
   438 | D        | Found a transporter.
   441 | D        | Reached **** piety under Wu Jian
   457 | D        | Entered arena 7.
   457 | D        | Noticed a spriggan rider
   458 | D        | Found a transporter.
   466 | D        | Reached ***** piety under Wu Jian
   468 | D        | Killed a hornet
   699 | D        | Entered arena 8.
   699 | D        | Noticed a black mamba
   700 | D        | Found a transporter.
   705 | D        | Killed a black mamba
   705 | D        | Reached ****** piety under Wu Jian
   706 | D        | Reached skill level 12 in Fighting
   706 | D        | Reached XP level 10. HP: 34/89 MP: 23/23
   791 | D        | Got Sif Muna's Elucidation of the Birds
   808 | D        | Entered arena 9.
   808 | D        | Found the +4 robe of Folly {Brill Will-∞ Int+8}
   808 | D        | Noticed a cane toad
   808 | D        | Noticed a cane toad
   808 | D        | Noticed a cane toad
   809 | D        | Found a transporter.
   812 | D        | Killed a cane toad
   812 | D        | Killed a cane toad
   813 | D        | Reached skill level 10 in Invocations
   813 | D        | Killed a cane toad
   821 | D        | Got the ring "Nuthrublit" {Fire Dex+3}
   828 | D        | Entered arena 10.
   828 | D        | Noticed a cane toad
   829 | D        | Found a transporter.
   832 | D        | Killed a cane toad
   833 | D        | Reached skill level 10 in Spellcasting
   853 | D        | Got the +0 pair of boots of the Clam {Will+++}
   862 | D        | Entered arena 11.
   862 | D        | Noticed a cyclops
   865 | D        | Found a transporter.
   877 | D        | Killed a cyclops
   884 | D        | Reached skill level 10 in Short Blades
   884 | D        | Reached skill level 10 in Long Blades
   884 | D        | Reached skill level 10 in Axes
   884 | D        | Reached skill level 10 in Polearms
   884 | D        | Reached skill level 10 in Staves
   884 | D        | Reached skill level 10 in Ranged Weapons
   884 | D        | Reached skill level 10 in Throwing
   884 | D        | Reached skill level 10 in Armour
   884 | D        | Reached skill level 10 in Dodging
   884 | D        | Reached skill level 10 in Stealth
   884 | D        | Reached skill level 10 in Shields
   884 | D        | Reached skill level 10 in Unarmed Combat
   884 | D        | Reached skill level 10 in Evocations
   886 | D        | Reached skill level 13 in Fighting
   886 | D        | Reached XP level 11. HP: 61/98 MP: 25/25
  1013 | D        | Got the ring "Xeoru" {rC+ AC+4 Dex+2}
  1021 | D        | Entered arena 12.
  1021 | D        | Noticed an orc warlord
  1021 | D        | Noticed an orc warlord
  1022 | D        | Identified the ring of the City {rPois rN+ Int+7 Dex-4}
  1022 | D        | Identified the +10 long sword of Change {speed, rF- rC+
                  | Str+6 Int+3}
  1022 | D        | Noticed an orc high priest
  1022 | D        | Noticed an orc knight
  1024 | D        | Found a transporter.
  1032 | D        | HP: 3/98 [troll (7)]
  1032 | D        | Mangled by an orc warlord

Illustrated notes

Levels and vault maps discovered:
D:        sprint_v [room_start, room_1, room_2, room_3, room_4, room_5, room_6,
          room_7, room_8, room_9, room_10, room_11, room_12, room_13, room_14,
          room_15, room_16, room_17, room_18, room_19, room_20, room_21,
          room_22, room_23, room_24, room_25, room_26, room_27]

Skill      XL: |  1  2  3  4  5  6  7  8  9 10 |
---------------+-------------------------------+-----
Short Blades   | 2 4 7 8 10 | 10.1
Long Blades    | 2 4 7 8 10 | 10.1
Axes           | 2 4 7 8 10 | 10.1
Maces & Flails | 7 8 9 10 11 12 | 12.0
Polearms       | 2 4 7 8 10 | 10.1
Staves         | 2 4 7 8 10 | 10.1
Ranged Weapons | 2 4 7 8 10 | 10.1
Throwing       | 2 4 7 8 10 | 10.1
Armour         | 2 4 7 8 10 | 10.1
Dodging        | 2 4 7 8 10 | 10.1
Stealth        | 2 4 7 8 10 | 10.2
Shields        | 2 4 7 8 10 | 10.1
Unarmed Combat | 2 4 7 8 10 | 10.1
Spellcasting   | 3 5 7 8 9 10 | 10.5
Conjurations   | 2 3 5 6 7 8 |  8.5
Hexes          | 2 3 5 6 7 8 |  8.5
Summonings     | 2 3 5 6 7 8 |  8.5
Necromancy     | 2 3 5 6 7 8 |  8.5
Translocations | 2 3 5 6 7 8 |  8.5
Transmutations | 4 5 7 8 9 |  9.4
Fire Magic     | 2 3 5 6 7 8 |  8.5
Ice Magic      | 2 3 5 6 7 8 |  8.5
Air Magic      | 2 3 5 6 7 8 |  8.5
Earth Magic    | 2 3 5 6 7 8 |  8.5
Poison Magic   | 2 3 5 6 7 8 |  8.5
Invocations    | 2 5 7 8 9 11 | 11.0
Evocations     | 2 4 7 8 10 | 10.1
Fighting       | 9 11 12 13 | 13.1

Action                     |  1- 3 |  4- 6 |  7- 9 | 10-12 || total
---------------------------+-------+-------+-------+-------++-------
  Melee: Great mace        |     1 |     9 |    45 |    37 ||    92
         Bite              |     1 |       |     4 |     4 ||     9
 Invoke: Serpent's Lash    |       |       |       |     1 ||     1
         Heavenly Storm    |       |       |       |     1 ||     1
Ability: Whirlwind         |       |     4 |    11 |     6 ||    21
         Lunge             |       |       |     3 |     7 ||    10
    Use: Potion            |       |     1 |     3 |     9 ||    13
 Armour: Plate armour      |     1 |     8 |   134 |    59 ||   202
  Dodge: Dodged            |       |     8 |    85 |    62 ||   155
